 Dungeon Crawl Stone Soup version 0.21-a0-621-gc60411f (webtiles) character file.

63 slep the Slasher (level 3, 0/28 HPs)
             Began as a Demonspawn Gladiator on Dec 24, 2017.
             Succumbed to an adder's poison
             ... on level 3 of the Dungeon.
             The game lasted 00:04:12 (986 turns).

slep the Slasher (Demonspawn Gladiator)              Turns: 986, Time: 00:04:13

Health: 0/28       AC:  4    Str: 14    XL:     3   Next: 87%
Magic:  3/3        EV: 13    Int:  9    God:
Gold:   28         SH:  0    Dex: 15    Spells: 2/2 levels left

rFire    + . .     SeeInvis .   a - +0 long sword
rCold    . . .     Gourm    .   (no shield)
rNeg     . . .     Faith    .   b - +0 leather armour
rPois    .         Spirit   .   c - +0 helmet
rElec    .         Reflect  .   h - scarf {cloud immunity}
rCorr    .         Harm     .   (no gloves)
MR       .....                  (no boots)
Stlth    +.........             (no amulet)
HPRegen  0.09/turn              p - ring of protection from fire
MPRegen  0.08/turn              (no ring)

@: lethally poisoned (0 -> -8), flying, hasted, very quick
A: sturdy frame 2
a: no special abilities


You were on level 3 of the Dungeon.
You were not hungry.

You visited 1 branch of the dungeon, and saw 3 of its levels.

You collected 28 gold pieces.

Inventory:

Hand Weapons
 a - a +0 long sword (weapon)
Missiles
 d - 3 throwing nets (quivered)
 i - 17 poisoned needles
 m - 9 sling bullets
Armour
 b - a +0 leather armour (worn)
 c - a +0 helmet (worn)
 h - a scarf of cloud immunity (worn)
Jewellery
 p - a ring of protection from fire (left hand)
Scrolls
 e - a scroll of random uselessness {unknown}
 g - 4 scrolls of magic mapping {unknown}
 j - a scroll of immolation {unknown}
 k - a scroll of enchant armour {unknown}
 l - 2 scrolls of remove curse {unknown}
 n - a scroll of identify {unknown}
 q - a scroll of fear {unknown}
Comestibles
 f - 4 rations


   Skills:
 + Level 2.4 Fighting
 + Level 3.4 Long Blades
 + Level 2.0 Throwing
 + Level 0.2 Armour
 + Level 3.2 Dodging
 + Level 0.2 Stealth


You had 2 spell levels left.
You didn't know any spells.

Dungeon Overview and Level Annotations

Branches:
Dungeon (3/15)

Altars:


Innate Abilities, Weirdness & Mutations

Your movements are less encumbered by armour. (ER -4)


Message History

You feel sick.
* * * LOW HITPOINT WARNING * * *
You feel sick.
You see here a glowing green potion.
r - a glowing green potion
* * * LOW HITPOINT WARNING * * *
You feel sick.
It was a potion of haste.
You feel yourself speed up.
* * * LOW HITPOINT WARNING * * *
You feel sick.
A leopard gecko comes into view.
It was a potion of flight.
You feel very buoyant.
You fly up into the air.
* * * LOW HITPOINT WARNING * * *
You feel sick.
The leopard gecko moves out of view.
* * * LOW HITPOINT WARNING * * *
You feel sick.
Found an escape hatch in the floor.
You die...

#.........#
#.........#
#.........#
#.....<...#
##......[##
##.....##
##.#.###
####..#.#######
...l...@.......
####.##.#######
#. #.# #.. ##.
># .# ..


You could see a leopard gecko (wandering).

Vanquished Creatures
  2 adders
  4 oozes (D:1)
  A leopard gecko (D:1)
  A giant cockroach (D:1)
  3 hobgoblins
  6 jackals (D:2)
  2 kobolds (D:1)
  5 bats
  A frilled lizard (D:2)
  2 goblins (D:1)
  A rat (D:1)
28 creatures vanquished.

Notes
Turn   | Place    | Note
-------+----------+-------------------------------------------
     0 | D:1      | slep the Demonspawn Gladiator began the quest for the Orb.
     0 | D:1      | Reached XP level 1. HP: 16/16 MP: 1/1
   106 | D:1      | Gained mutation: Your movements are slightly less encumbered by armour. (ER -2) [demonic ancestry]
   106 | D:1      | Reached XP level 2. HP: 19/22 MP: 2/2
   525 | D:1      | Gained mutation: Your movements are less encumbered by armour. (ER -4) [demonic ancestry]
   525 | D:1      | Reached XP level 3. HP: 23/27 MP: 3/3
   826 | D:2      | Found a faded altar of an unknown god.
   959 | D:2      | Noticed an ogre
   984 | D:3      | HP: 1/28 [poisoned by an adder]
   986 | D:3      | Succumbed to an adder's poison

Vault maps used:
D:1:      lightli_arrival_maybe_door_vault
D:2:      chequers_ecumenical_altar_simple

Skill      XL: |  1  2 |
---------------+-------+-----
Long Blades    | 3 |  3.4
Throwing       | 2 |  2.0
Dodging        | 3 |  3.2
Fighting       | |  2.4
Armour         | |  0.2
Stealth        | |  0.2

Action                   || total
-------------------------++-------
Melee: Long sword        ||    81
  Use: Potion            ||     2
 Stab: Sleeping          ||     1
Armor: Leather armour    ||    29
Dodge: Dodged            ||    94
       Rpst.: Long sword ||    26

Table legend:
 A = Spawn XP
 B = Non-spawn XP
 C = Spawn XP percentage of total XP
 D = Spawn monster count
 E = Non-spawn monster count
 F = Spawn count percentage of total count
 G = Total turns spent on level
                    A         B        C        D         E        F      G
               +---------+---------+-------+---------+---------+-------+---------
         Total |       0 |      90 |   0.0 |       0 |      28 |   0.0 |   986
               +---------+---------+-------+---------+---------+-------+---------
           D:1 |       0 |      46 |   0.0 |       0 |      15 |   0.0 |   773
           D:2 |       0 |      31 |   0.0 |       0 |      12 |   0.0 |   194
           D:3 |       0 |      13 |   0.0 |       0 |       1 |   0.0 |    19
               +---------+---------+-------+---------+---------+-------+---------
